 Dungeon Crawl Stone Soup version 0.29.0-5-ge4962eb29e (webtiles) character file.

Game seed: 2510496103120438355

1013 freelancePsychic the Carver (level 8, -3/69 HPs)
             Began as a Meteoran Hedge Wizard on Aug 30, 2022.
             Was an Initiate of Kikubaaqudgha.
             Slain by Pikel
             ... wielding a +2 whip of flaming
              (6 damage)
             ... on level 5 of the Dungeon.
             The game lasted 00:09:25 (2509 turns).

freelancePsychic the Carver (Meteoran Hedge Wizard) Turns: 2509, Time: 00:09:26

Health: -3/69      AC:  6    Str: 12    XL:     8   Next: 73%
Magic:  15/15      EV: 11    Int: 16    God:    Kikubaaqudgha [......]
Gold:   247        SH:  0    Dex: 15    Spells: 14/15 levels left

rFire   . . .      SeeInvis +   h - +1 falchion (elec)
rCold   . . .      Faith    .   (no shield)
rNeg    . . .      Spirit   .   m - +0 ring mail
rPois   .          Reflect  .   q - +0 helmet
rElec   .          Harm     .   (no cloak)
rCorr   .          Rampage  .   (no gloves)
Will    +....                   (no boots)
Stlth   +.........              j - amulet of magic regeneration
HPRegen 0.21/turn               g - ring of see invisible
MPRegen 0.54/turn               n - ring of flight

@: flying, glowing
A: sense surroundings 1, otherworldly, glowing, explore regen
a: Renounce Religion


You were on level 5 of the Dungeon.
You worshipped Kikubaaqudgha.
Kikubaaqudgha was noncommittal.
You visited 2 branches of the dungeon, and saw 7 of its levels.

You collected 247 gold pieces.

Inventory:

Hand Weapons
 a - a +0 dagger
 h - a +1 falchion of electrocution (weapon)
 o - a +0 long sword
Armour
 c - a +1 hat
 m - a +0 ring mail (worn)
 q - a +0 helmet (worn)
Jewellery
 g - a ring of see invisible (left hand)
 j - an amulet of magic regeneration (around neck)
 n - a ring of flight (right hand)
Scrolls
 i - a scroll of blinking {unknown}
 p - a scroll of identify {unknown}
 s - a scroll of fear {unknown}
Potions
 b - a potion of lignification {unknown}
 d - a potion of magic
 e - 2 potions of ambrosia {unknown}
 f - 2 potions of mutation {unknown}
 l - 2 potions of heal wounds {unknown}
 r - a potion of attraction {unknown}


   Skills:
 + Level 5.5 Fighting
 + Level 8.5 Long Blades
 - Level 2.4 Dodging
 - Level 1.4 Stealth
 - Level 4.2 Spellcasting
 - Level 1.8 Conjurations
 - Level 1.2 Summonings
 * Level 1.4 Necromancy
 - Level 1.2 Translocations


You had 14 spell levels left.
You knew the following spells:

 Your Spells              Type           Power      Damage    Failure   Level
a - Magic Dart            Conj           36%        1d4       19%         1

Your spell library contained the following spells:

 Spells                   Type           Power      Damage    Failure   Level
 Summon Small Mammal      Summ           28%        N/A       22%         1
 Blink                    Tloc           14%        N/A       34%         2
 Call Imp                 Summ           7%         N/A       34%         2
 Sandblast                Erth           6%         2d5       36%         1
 Slow                     Hex            12%        N/A       36%         1
 Passwall                 Tmut/Erth      2%         N/A       50%         2
 Call Canine Familiar     Summ           7%         N/A       56%         3
 Conjure Flame            Conj/Fire      6%         6-21      61%         3
 Dazzling Flash           Conj/Hex       12%        N/A       61%         3
 Stone Arrow              Conj/Erth      12%        3d7       61%         3
 Mephitic Cloud           Conj/Pois/Air  5%         N/A       65%         3
 Summon Guardian Golem    Hex/Summ       5%         N/A       65%         3
 Agony                    Necr           7%         N/A       99%         5
 Silence                  Hex/Air        1%         N/A       100%        5


Dungeon Overview and Level Annotations

Branches:
Dungeon (6/15) Zot: 1153   Temple (1/1) D:6 Zot: 554

Altars:
Ashenzari
Elyvilon
Fedhas
Gozag
Hepliaklqana
Kikubaaqudgha
Nemelex Xobeh
Okawaru
Qazlal
Ru
Sif Muna
Trog
Uskayaw
Vehumet
Wu Jian
Xom
Zin

Annotations:
D:5 1 runed translucent door, NinjaNoafa's ghost, novice FoFi; Pikel


Innate Abilities, Weirdness & Mutations

You passively map a small area around you.
You are easily found by Zot.
You glow in the dark.
You regain HP and MP as you explore.


Message History

The shadow imp hits you but does no damage.
You hit the shadow imp.
The shadow imp is moderately wounded.
You feel sick. The shadow imp hits you.
You bump into the rock wall.
You feel less confused.
You feel sick. The shadow imp misses you.
You feel sick.
The white imp shouts, "Slither hence, thou jarring weevil-witted pustule!"
The shadow imp gestures at you. You resist with significant effort.
You feel sick. The white imp attacks as you move away!
The white imp hits you but does no damage.
You feel sick.
You feel sick.
You are no longer poisoned.
The white imp lashes its tail.
The white imp closely misses you. The white imp attacks as you move away!
The white imp barely misses you.
There is a stone staircase leading up here.
The white imp gestures at you. The puff of frost hits you.
You fly upwards.
Level annotation: 1 runed translucent door, NinjaNoafa's ghost, novice FoFi; Pikel The lemure closely misses you.
Pikel hits you with a +2 whip of flaming.
Pikel burns you.
There is a stone staircase leading down, spattered with blood here.
Okay, then.
Okay, then.
As you read the scroll labelled DALISHR NIUTUKK, it crumbles to dust.
You feel aware of your surroundings.
It was a scroll of magic mapping.
The lemure hits you!
* * * LOW HITPOINT WARNING * * *
Pikel hits you with a +2 whip of flaming!
* * * LOW HITPOINT WARNING * * *
Pikel burns you.
You die...
Kikubaaqudgha rasps: "You have failed me!
Welcome... death!"

........#.........#....,*,,,,,*
........#.........'...,**,,,,,*
........#..##.....#..,,**,,,,,*
##########'##.....#,,,,,,o,,,,*
~*,,,#............#,,,,,.5,,,,*
?*,,,#............#,,,,K..,,,,*
~##+###....##.....#,,,....,,,,*
W#..###....##..55.#*,....5,,,,*
S#.........##...@)##...#*,,,,,*
S#.........#.....K.5...#*,,,,,*
+#.........#.....5........,,,,*
.....###...##.............,,,,*
#))##########..........##.,,,,*
#......# #...........#*******
#......# ##.....##...#,,,,,,*
#.....## *#.....#*...#,,,,,,*
#.....## *......,*...#,,,,,,*


You could see Pikel, 3 lemures and a white imp.

Vanquished Creatures
  A black bear (D:5)
  A sky beast (D:6)
  A centaur (D:5)
  2 phantoms (D:6)
  A necrophage (D:5)
  2 scorpions (D:5)
  2 jellies
  An orc priest (D:5)
  2 hounds (D:5)
  An iguana (D:4)
  3 orc wizards
  Natasha (D:3)
  A gnoll (D:5)
  7 adders
  A white imp (D:5)
  An ufetubus (D:6)
  A worm (D:5)
  2 dart slugs
  10 orcs
  4 endoplasms
  4 goblins
  4 hobgoblins
  3 jackals (D:5)
  7 kobolds
  2 quokkas
  4 ball pythons
  3 bats
  2 frilled lizards
  5 rats
79 creatures vanquished.

Vanquished Creatures (others)
  7 fungi (D:6)
7 creatures vanquished.

Grand Total: 86 creatures vanquished

Notes
Turn   | Place    | Note
-------+----------+-------------------------------------------
     0 | D:1      | freelancePsychic the Meteoran Hedge Wizard began the quest
                  | for the Orb.
     0 | D:1      | Reached XP level 1. HP: 14/14 MP: 6/6
    66 | D:1      | Reached XP level 2. HP: 8/22 MP: 0/8
   161 | D:1      | Reached skill level 1 in Fighting
   582 | D:2      | Reached skill level 1 in Long Blades
   582 | D:2      | Reached XP level 3. HP: 21/28 MP: 6/9
   883 | D:2      | Reached skill level 2 in Long Blades
   953 | D:2      | Reached XP level 4. HP: 6/36 MP: 11/11
  1301 | D:4      | Reached skill level 3 in Long Blades
  1309 | D:4      | Reached XP level 5. HP: 33/41 MP: 12/12
  1325 | D:4      | Noticed an ogre
  1409 | D:4      | Noticed Natasha
  1414 | D:3      | Killed Natasha
  1482 | D:5      | Entered Level 5 of the Dungeon
  1501 | D:4      | Reached skill level 4 in Long Blades
  1639 | D:5      | Reached XP level 6. HP: 38/51 MP: 13/13
  1679 | D:5      | Reached skill level 5 in Long Blades
  1691 | D:5      | Found a runed translucent door.
  1695 | D:5      | Noticed NinjaNoafa's ghost (novice FoFi)
  1713 | D:5      | Reached XP level 7. HP: 58/58 MP: 14/14
  1749 | D:5      | Reached skill level 6 in Long Blades
  1974 | D:5      | Reached skill level 7 in Long Blades
  2223 | D:5      | Reached XP level 8. HP: 53/67 MP: 15/15
  2288 | D:5      | Noticed Pikel
  2305 | D:6      | Reached skill level 5 in Fighting
  2305 | D:6      | Reached skill level 8 in Long Blades
  2343 | D:6      | Found a staircase to the Ecumenical Temple.
  2354 | Temple   | Entered the Ecumenical Temple
  2388 | Temple   | Became a worshipper of Kikubaaqudgha
  2463 | D:6      | Reached skill level 1 in Necromancy
  2509 | D:5      | HP: 3/69 [Pikel/+2 whip of flaming (11)]
  2509 | D:5      | Slain by Pikel

Illustrated notes

Levels and vault maps discovered:
D:1:      elethiomel_arrival_shortcut, layout_loops_ring
D:2:      layout_basic, nicolae_figureground_pulse
D:3:      layout_rooms, minmay_crystal_water
D:4:      kennysheep_big_flooded_room, layout_rooms, uniq_natasha
D:5:      layout_gridville, ebering_ghost_sewer_d, cheibrodos_gnoll_hut,
          uniq_pikel
D:6:      layout_basic, temple_fountains, serial_aquarium,
          aquarium_bridge_straight [aquarium_subvault_bridge,
          aquarium_subvault_wall, aquarium_subvault_bridge,
          aquarium_subvault_balcony], aquarium_window_fake,
          aquarium_window_fake, aquarium_view_2f
Temple:   nicolae_temple_bog_church

Skill      XL: |  1  2  3  4  5  6  7  8 |
---------------+-------------------------+-----
Fighting       | 1 2 3 4 5 |  5.5
Long Blades    | 1 2 3 4 5 7 8 |  8.5
Necromancy     | 1 |  1.4
Dodging        | |  2.4
Stealth        | |  1.4
Spellcasting   | |  4.2
Conjurations   | |  1.8
Summonings     | |  1.2
Translocations | |  1.2

Action                   |  1- 3 |  4- 6 |  7- 9 || total
-------------------------+-------+-------+-------++-------
Melee: Dagger            |     9 |       |       ||     9
       Falchion          |    37 |    90 |   100 ||   227
       Punch             |       |       |     4 ||     4
 Cast: Magic Dart        |    38 |    28 |     8 ||    74
  Use: Scroll            |     1 |     3 |     2 ||     6
       Potion            |     6 |     1 |       ||     7
Armor: Robe              |     6 |     5 |       ||    11
       Ring mail         |       |    30 |    45 ||    75
Dodge: Dodged            |    31 |    49 |    55 ||   135
